cohdb
Replays
Latest Replays
All Replays
Popular Replays
Top Player Replays
Match Explorer
How It Works
Community
CoH3 Stats
Reddit
Sign in to upload your games and track your stats! →
Sign in with Steam
Match 40232996
Unlisted
Match 40232996
Overview
Messages
Build Orders
End
Scout Squad
Construct Barracks
Riflemen Squad
Riflemen Squad
Riflemen Squad
Grenade Package
Infantry Support Center
Construct Motor Pool
M1 Mortar Team
Construct Medical Station
M24 Chaffee Light Tank
M1918 Browning Automatic Rifles
Selects Heavy Weapons
Selects Assault Carriers
Selects Halftrack Strongpoints
M24 Chaffee Light Tank
Riflemen Squad
Engineer Squad
DanielD
Monsieur Nathan
0
0
Comments
sign in to comment!
No comments posted yet!